 Dungeon Crawl Stone Soup version 0.30-a0-702-gdf48620a09 (webtiles) character file.

Game seed: 9482440071105869316

3410 tilp the Fighter (level 10, -5/88 HPs)
             Began as a Meteoran Fighter on Jan 21, 2023.
             Was a Priest of Okawaru.
             Engulfed by a steam dragon's steam (14 damage)
             ... on level 7 of the Dungeon.
             The game lasted 00:17:19 (3485 turns).

tilp the Fighter (Meteoran Fighter)                 Turns: 3485, Time: 00:17:20

Health: -5/88      AC: 12    Str: 13    XL:     10   Next: 48%
Magic:  0/11       EV:  9    Int: 13    God:    Okawaru [***...]
Gold:   317        SH:  6    Dex: 21    Spells: 9/9 levels left

rFire   . . .      SeeInvis .    b - +9 rapier "Hepsiekh" {elec, rN+ Str-5 Int+3 Dex+3}
rCold   . . .      Faith    .    c - +0 buckler
rNeg    + . .      Spirit   +    t - +0 chain mail
rPois   .          Reflect  .    (no helmet)
rElec   .          Harm     .    (no cloak)
rCorr   .          Rampage  .    (no gloves)
Will    +....                    l - +1 pair of boots Stlth
                                 r - amulet of guardian spirit
HPRegen 0.34/turn                (no ring)
MPRegen 0.12/turn                (no ring)

@: mighty, on berserk cooldown, slowed, glowing, very slow
A: sense surroundings 2, otherworldly, glowing, explore regen
a: Renounce Religion, Heroism


You were on level 7 of the Dungeon.
You worshipped Okawaru.
Okawaru was most pleased with you.
You visited 2 branches of the dungeon, and saw 9 of its levels.

You collected 317 gold pieces.

Inventory:

Hand Weapons
 a - a +2 long sword
 b - the +9 rapier "Hepsiekh" (weapon) {elec, rN+ Str-5 Int+3 Dex+3}
   (You found it on level 6 of the Dungeon)

   Str:       It affects your strength (-5).
   Int:       It affects your intelligence (+3).
   Dex:       It affects your dexterity (+3).
   rN:        It protects you from negative energy.
Missiles
 e - a boomerang
 p - a curare-tipped dart
 y - 15 poisoned darts (quivered)
Armour
 c - a +0 buckler (worn)
 l - a +1 pair of boots (worn)
 t - a +0 chain mail (worn)
Jewellery
 r - an amulet of guardian spirit (around neck)
Wands
 o - a wand of iceblast (5)
 s - a wand of digging (1)
Potions
 d - 2 potions of might
 f - 6 potions of curing
 g - 3 potions of lignification
 i - a potion of resistance {unknown}
 j - a potion of berserk rage
 k - 2 potions of mutation {unknown}
 m - a potion of attraction {unknown}
 n - a potion of magic {unknown}
 q - 2 potions of degeneration {unknown}
 u - a potion of cancellation {unknown}
 v - 2 potions of brilliance {unknown}
 w - a potion of ambrosia {unknown}
 x - a potion of flight {unknown}


   Skills:
 - Level 8.0 Fighting
 - Level 8.0 Long Blades
 - Level 4.0 Throwing
 - Level 6.0 Armour
 + Level 7.6 Dodging
 - Level 4.0 Stealth
 - Level 4.0 Shields
 - Level 4.0 Evocations


You had 9 spell levels left.
You didn't know any spells.
Your spell library was empty.

Dungeon Overview and Level Annotations

Branches:
Dungeon (8/15) Zot: 1349   Temple (1/1) D:6 Zot: 427
   Lair: D:8-11

Altars:
Cheibriados
Gozag
Hepliaklqana
Okawaru
Wu Jian
Yredelemnul
Zin
The Shining One


Innate Abilities, Weirdness & Mutations

You passively map the area around you.
You are easily found by Zot.
You glow in the dark.
You regain HP and MP as you explore.


Message History

Something shocks you.
* * * LOW HITPOINT WARNING * * *
You closely miss something.
A sky beast appears from thin air!
Reactivating autopickup.
The sky beast hits you but does no damage.
You impale the sky beast!!
The sky beast is almost dead.
You hear an angry hiss.
You miss the sky beast.
The sky beast is almost dead.
You block the sky beast's attack.
You barely miss the sky beast.
The sky beast is almost dead.
You block the sky beast's attack.
You hit the sky beast but do no damage.
The sky beast is almost dead.
You puncture the sky beast!
You kill the sky beast!
Okawaru accepts your kill.
You are no longer berserk.
You are exhausted.
You feel yourself slow down.
A steam dragon comes into view.
The steam dragon hisses angrily.
The steam dragon barely misses you. The steam dragon claws you.
* * * LOW HITPOINT WARNING * * *
Items here: †††††.
Unknown command.
You puncture the steam dragon!
The steam dragon is moderately wounded.
The steam dragon breathes steam at you. The ball of steam hits you!
* * * LOW HITPOINT WARNING * * *
An orc warrior comes into view. It is wielding a +0 scimitar.
You hear a shout! x2
Unknown command.
You puncture the steam dragon!
The steam dragon is heavily wounded.
You are engulfed in a cloud of scalding steam.
You die...

.~§§§###.##♣.♣######### # *
** ~~~§...#.#.♣.♣.#♣≈≈≈~~♣.♣
~ ~
~~~§.#...#♣.♣.♣#≈≈≈~~~♣.♣~~~
*,
..P....#.#.♣.♣.#≈≈~~~.....~
~ *
####.....#♣.♣.♣#≈≈~~...~...
~ ,
.....<.#.#.♣.♣.#~~~...~≈~..
~
.......#.#♣.♣.♣#~~...~≈~≈~.
.........#♣♣.♣♣♣♣♣....#* , *
.........#....§§@D.(.#".}#
.....#...#♣♣.♣♣♣♣♣o...# #P.,
* ###......#♣.♣.♣#~~..(~≈~≈~
~ *
..<....#.#.♣.♣.#~~~...~≈~. ~
.>..#....#♣.♣.♣#≈≈~~...~...
~
.........#.♣.♣.#≈≈~~~.....~
~ *
....#....#♣.♣.♣#≈≈≈~~~♣.♣~~
~ ..#.######.♣.♣.#♣≈≈≈~~♣.♣
~ * ....####.##♣.♣## * * *


You could see a steam dragon (catching breath) and an orc warrior.

Vanquished Creatures
  A cyclops (D:7)
  An ugly thing (D:7)
  A steam dragon (D:7)
  2 water moccasins
  A hornet zombie (D:7)
  A sky beast (D:7)
  A centaur (D:5)
  A wyvern zombie (D:7)
  A necrophage (D:4)
  2 kobold brigands
  2 bullfrogs (D:7)
  A gnoll sergeant (D:4)
  4 scorpions
  4 wights (D:7)
  2 bullfrog zombies (D:7)
  6 centaur zombies (D:7)
  3 jellies
  6 orc priests
  4 hounds
  A gnoll bouda (D:4)
  5 iguanas
  Ijyb (D:3)
  Natasha (D:4)
  5 killer bee zombies (D:7)
  3 howler monkey zombies (D:7)
  8 gnolls
  6 adders
  A white imp (D:5)
  An ufetubus (D:7)
  3 dart slugs
  14 orcs
  2 bats
  7 endoplasms
  3 giant cockroaches
  7 goblins
  A hobgoblin (D:3)
  5 jackals
  18 kobolds
  3 quokkas
  6 ball pythons
  4 frilled lizards
  4 rats (D:1)
153 creatures vanquished.

Vanquished Creatures (others)
  18 plants
  2 withered plants (D:7)
20 creatures vanquished.

Grand Total: 173 creatures vanquished

Notes
Turn   | Place    | Note
-------+----------+-------------------------------------------
     0 | D:1      | tilp the Meteoran Fighter began the quest for the Orb.
     0 | D:1      | Reached XP level 1. HP: 19/19 MP: 2/2
    75 | D:1      | Reached skill level 1 in Dodging
    75 | D:1      | Reached XP level 2. HP: 26/26 MP: 3/3
   272 | D:1      | Reached XP level 3. HP: 30/31 MP: 4/4
   273 | D:1      | Found a faded altar of an unknown god.
   522 | D:2      | Reached XP level 4. HP: 38/38 MP: 5/5
   684 | D:3      | Found a glowing silver altar of Zin.
   940 | D:3      | Found an opulent altar of Gozag.
   993 | D:3      | Found a glowing golden altar of the Shining One.
  1004 | D:3      | Reached skill level 1 in Stealth
  1004 | D:3      | Reached XP level 5. HP: 46/46 MP: 6/6
  1346 | D:4      | Reached XP level 6. HP: 44/52 MP: 5/7
  1377 | D:4      | Noticed Ijyb
  1455 | D:3      | Killed Ijyb
  1501 | D:5      | Entered Level 5 of the Dungeon
  1566 | D:4      | Noticed Natasha
  1576 | D:4      | Killed Natasha
  1634 | D:4      | Reached XP level 7. HP: 45/59 MP: 4/8
  1666 | D:5      | Reached skill level 1 in Throwing
  1666 | D:5      | Reached skill level 1 in Evocations
  1844 | D:4      | Found a snail-covered altar of Cheibriados.
  2016 | D:5      | Reached XP level 8. HP: 38/67 MP: 3/9
  2064 | D:5      | Reached skill level 5 in Fighting
  2700 | D:6      | Identified the +9 rapier "Hepsiekh" {elec, rN+ Str-5 Int+3
                  | Dex+3}
  2773 | D:6      | Found a staircase to the Ecumenical Temple.
  2782 | Temple   | Entered the Ecumenical Temple
  2817 | Temple   | Became a worshipper of Warmaster Okawaru
  3001 | D:6      | Reached skill level 5 in Long Blades
  3032 | D:7      | Reached skill level 5 in Dodging
  3042 | D:7      | Reached skill level 5 in Armour
  3045 | D:7      | Gained mutation: You passively map the area around you.
                  | [Meteoran growth]
  3045 | D:7      | Reached XP level 9. HP: 58/75 MP: 10/10
  3095 | D:7      | Reached * piety under Okawaru
  3263 | D:7      | Reached ** piety under Okawaru
  3412 | D:7      | Reached XP level 10. HP: 86/86 MP: 11/11
  3438 | D:7      | Noticed a cyclops
  3449 | D:7      | Killed a cyclops
  3450 | D:7      | Noticed a white ugly thing
  3466 | D:7      | Killed a white ugly thing
  3466 | D:7      | Reached *** piety under Okawaru
  3485 | D:7      | Engulfed by a steam dragon's steam

Illustrated notes

Levels and vault maps discovered:
D:1:      lemuel_arrival_rhombus, layout_basic,
          ebering_ecumenical_altar_sacrificial
D:2:      layout_basic, serial_shops, shop, minmay_misc_feat_encased
D:3:      layout_basic, pdpol_temple_overflow_zin_treasury_gozag_greed,
          nicolae_overflow_crystal_walls
D:4:      layout_layer_cave, kennysheep_slug_shrine, nicolae_grassy_gnolls,
          uniq_ijyb, uniq_natasha
D:5:      layout_gridville, minmay_misc_feat_hallway
D:6:      layout_basic, mainiacjoe_overflow_boulevard,
          minmay_temple_entry_trees, uniq_duvessa
D:7:      nzn_winding_woodlands_large [nzn_winding_woodlands_5x5_perimeter,
          nzn_winding_woodlands_5x15_pathside_ponds,
          nzn_winding_woodlands_5x5_three,
          nzn_winding_woodlands_center_diamonds,
          nzn_winding_woodlands_15x15_eel_pit,
          nzn_winding_woodlands_center_pierced_h,
          nzn_winding_woodlands_5x5_checkerboard,
          nzn_winding_woodlands_5x15_split_checker,
          nzn_winding_woodlands_hourglass], layout_rooms, serial_undead,
          serial_undead_d, serial_undead_a, serial_undead_e, serial_undead_e,
          serial_undead_f, serial_undead_c, minmay_stone_trees_small,
          dreamdust_gnoll_shepherd, uniq_prince_ribbit1
D:8:      layout_basic, bloody_trog, jmf_multi_god_temple2,
          chequers_serial_rivers_large_a, minmay_chambers_of_fives
Temple:   nicolae_temple_figure_eight

Skill      XL: |  1  2  3  4  5  6  7  8  9 10 |
---------------+-------------------------------+-----
Dodging        | 1 2 3 4 5 6 7 |  7.6
Armour         | 4 5 6 |  6.0
Long Blades    | 3 4 5 6 8 |  8.0
Stealth        | 1 2 3 4 |  4.0
Fighting       | 4 5 7 8 |  8.0
Shields        | 4 |  4.0
Throwing       | 1 2 4 |  4.0
Evocations     | 2 4 |  4.0

Action                   |  1- 3 |  4- 6 |  7- 9 | 10-12 || total
-------------------------+-------+-------+-------+-------++-------
Melee: Long sword        |    87 |   162 |   177 |       ||   426
       Rapier            |       |       |   145 |    27 ||   172
Throw: Boomerang         |       |       |     1 |       ||     1
Evoke: Wand              |       |       |       |     3 ||     3
  Use: Scroll            |       |     5 |     5 |       ||    10
       Potion            |       |     1 |       |     2 ||     3
Armor: Scale mail        |    52 |    34 |       |       ||    86
       Chain mail        |       |    57 |   199 |     4 ||   260
Dodge: Dodged            |    28 |    68 |   122 |     5 ||   223
Block: Buckler           |    18 |    48 |   117 |     4 ||   187

Table legend: (Time is in decaauts)
 A = Elapsed time spent in this place.
 B = Non-inter-level travel time spent in this place.
 C = Inter-level travel time spent in this place.
 D = Time resting spent in this place.
 E = Time spent auto-exploring this place.
 F = Levels seen in this place.
 G = Mean time per level.
                   A        B        C        D        E       F      G
               +--------+--------+--------+--------+--------+-----+--------+
         Total |   3623 |   3172 |    451 |    121 |      0 |   9 |  402.6 |
       Dungeon |   3451 |   3000 |    451 |      5 |      0 |   8 |  431.4 |
        Temple |    172 |    172 |      0 |    116 |      0 |   1 |  172.0 |
               +--------+--------+--------+--------+--------+-----+--------+

Top non-repeatable levels by time:
     D:5: 755 daAuts
     D:3: 664 daAuts
     D:4: 653 daAuts
     D:7: 389 daAuts
     D:1: 369 daAuts
     D:2: 285 daAuts
     D:6: 249 daAuts
  Temple: 172 daAuts
     D:8: 84 daAuts
